Map: 사이버 포레스트 - 래더

Players

Impact - Winner!

  • Race: Zerg Zerg
  • Spawn Location: 11:00

Elazer

  • Race: Zerg Zerg
  • Spawn Location: 5:00

Event: IEM Season 13: Katowice (2019)

VOD

Have the link to the VOD?

Description

Time

  • Played on: Feb. 26, 2019, 9:46 a.m.
  • Length: 8:49

All games in this series

Show
View Real Time Build Order
Export as new Build Order

Impact Zerg - Winner!

Build Orders: Hatch First 

Get SALT Encoding   

  12  0:00  Drone  
  13  0:12  Overlord  
  13  0:17  Drone  
  14  0:30  Drone x2  
  16  0:47  Hatchery  
  15  0:51  Drone  
  15  0:55  Drone  
  17  1:09  Spawning Pool  
  16  1:11  Drone  
  16  1:15  Drone  
  16  1:17  Extractor  
  17  1:20  Drone  
  18  1:29  Drone  
  19  1:42  Drone  
  20  1:51  Overlord  
  20  1:57  Queen  
  20  1:59  Queen, Drone  
  25  2:04  Drone  
  26  2:12  Drone x2  
  28  2:22  Drone  
  29  2:23  Drone  
  30  2:32  Drone  
  30  2:33  Queen  
  30  2:34  Overlord  
  33  2:43  Drone  
  34  2:47  Drone  
  35  2:53  Drone  
  35  2:55  Lair  
  36  3:00  Drone  
  37  3:05  Drone  
  37  3:06  Drone x3  
  37  3:10  Zergling x2, Roach Warren  
  37  3:11  Evolution Chamber  
  40  3:14  Drone  
  40  3:16  Overlord  
  40  3:18  Drone  
  42  3:26  Drone  
  43  3:34  Extractor, Drone  
  44  3:35  Extractor  
  44  3:36  Zerg Missile Weapons Level 1  
  44  3:37  Drone x2  
  44  3:38  Drone  
  44  3:40  Drone x3  
  48  3:43  Drone  
  48  3:47  Overlord x2  
  49  3:52  Roach  
  51  3:56  Glial Reconstitution  
  50  4:03  Evolution Chamber  
  50  4:07  Hatchery  
  50  4:09  Roach  
  53  4:10  Roach  
  53  4:12  Roach  
  53  4:13  Overseer  
  53  4:15  Overseer  
  55  4:20  Roach x2  
  59  4:24  Roach  
  59  4:28  Roach  
  59  4:30  Roach  
  65  4:32  Overlord  
  65  4:33  Overlord  
  65  4:39  Drone  
  66  4:50  Roach x2  
  66  4:51  Roach x3  
  78  4:53  Roach x2  
  78  4:57  Overlord  
  78  4:59  Overlord  
  80  5:02  Roach  
  80  5:05  Overseer  
  80  5:06  Roach  
  84  5:11  Overlord  
  84  5:16  Roach  
  84  5:17  Roach x2  
  84  5:18  Roach  
  84  5:19  Roach  
  94  5:23  Roach  
  94  5:25  Roach  
  98  5:29  Drone x2  
  98  5:31  Drone  
  98  5:33  Drone  
  102  5:36  Zerg Missile Weapons Level 2, Extractor  
  102  5:40  Drone  
  102  5:41  Overlord  
  102  5:44  Drone  
  102  5:48  Drone x2  
  105  5:50  Extractor, Drone  
  105  5:55  Drone x2  
  95  6:05  Roach x5  
  95  6:09  Roach x2  
  105  6:12  Roach  
  105  6:14  Roach  
  105  6:15  Roach  
  99  6:18  Drone  
  99  6:20  Roach  
  99  6:23  Drone  
  99  6:24  Evolution Chamber  
  100  6:27  Roach  
  100  6:28  Roach  
  100  6:31  Roach x2  
  106  6:35  Roach  
  106  6:38  Ravager  
  106  6:39  Ravager  
  110  6:42  Roach x2  
  110  6:46  Overlord x2  
  114  6:50  Overlord  
  114  6:56  Overlord  
  114  6:57  Overlord  
  114  7:06  Roach x5  
  124  7:11  Drone x2  
  124  7:12  Roach x2  
  132  7:15  Roach  
  132  7:20  Roach x2  
  136  7:23  Roach x2  
  136  7:25  Roach  
  136  7:28  Overlord  
  142  7:31  Roach  
  142  7:34  Roach  
  142  7:36  Overlord  
  146  7:41  Overlord  
  146  7:42  Overlord  
  146  7:48  Roach x3  
  146  7:50  Ravager x2  
  154  7:56  Roach x3  
  154  7:58  Roach  
  160  8:00  Roach  
  160  8:02  Roach  
  162  8:05  Roach  
  162  8:08  Roach  
  162  8:11  Roach  
  143  8:13  Roach  
  143  8:14  Roach  
  143  8:15  Roach  
  143  8:16  Roach  
  143  8:18  Roach  
  143  8:20  Roach  
  143  8:23  Roach x2  
  143  8:26  Roach  
  147  8:27  Roach  
  143  8:44  Ravager  
Show
View Real Time Build Order
Export as new Build Order

Elazer Zerg 

Build Orders: Hatch First 

Get SALT Encoding   

  12  0:00  Drone  
  13  0:12  Overlord  
  13  0:17  Drone  
  14  0:30  Drone x2  
  16  0:48  Hatchery  
  15  0:51  Drone  
  15  0:54  Drone  
  17  1:08  Spawning Pool  
  16  1:11  Drone  
  16  1:14  Drone  
  16  1:17  Drone  
  19  1:22  Extractor  
  18  1:35  Drone  
  19  1:41  Drone  
  20  1:50  Drone  
  21  1:54  Queen  
  21  1:55  Extractor  
  21  1:59  Overlord  
  21  2:00  Queen  
  21  2:01  Zergling x2  
  26  2:11  Drone x2  
  28  2:21  Drone x2  
  30  2:30  Queen  
  30  2:33  Drone x2  
  34  2:41  Hatchery  
  33  2:47  Overlord  
  33  2:48  Drone  
  33  2:55  Drone x2  
  35  3:01  Roach Warren  
  35  3:02  Drone  
  35  3:08  Drone  
  35  3:09  Drone x2  
  35  3:11  Drone  
  39  3:13  Drone  
  39  3:16  Drone  
  39  3:19  Overlord  
  41  3:21  Drone  
  42  3:30  Lair, Overlord  
  42  3:42  Roach x4  
  42  3:46  Roach  
  52  3:49  Roach  
  52  3:53  Overlord  
  54  3:56  Drone x3  
  54  3:58  Extractor  
  56  4:03  Drone  
  56  4:04  Evolution Chamber  
  56  4:05  Drone  
  56  4:08  Drone  
  58  4:11  Drone x2  
  58  4:14  Overlord  
  58  4:15  Drone x2  
  62  4:18  Extractor  
  62  4:19  Overlord  
  62  4:20  Roach  
  63  4:26  Glial Reconstitution  
  63  4:34  Drone  
  63  4:35  Drone x6  
  63  4:38  Overseer  
  70  4:41  Overlord  
  70  4:43  Drone  
  71  4:47  Drone x3  
  71  4:49  Drone  
  75  4:53  Overlord  
  75  4:54  Drone  
  75  4:57  Drone x2  
  75  4:59  Overlord  
  78  5:03  Roach  
  78  5:06  Roach x2  
  84  5:09  Overlord  
  84  5:12  Roach  
  84  5:13  Zerg Missile Weapons Level 1  
  84  5:14  Roach, Extractor  
  85  5:17  Overlord  
  85  5:19  Roach  
  89  5:22  Roach x2  
  89  5:24  Roach  
  89  5:25  Roach  
  89  5:28  Roach x2  
  101  5:31  Roach  
  101  5:33  Overlord  
  103  5:37  Roach x2  
  103  5:40  Roach  
  103  5:42  Queen  
  111  5:46  Roach x3  
  111  5:56  Roach x4  
  109  6:00  Roach x2  
  109  6:02  Queen  
  103  6:06  Roach x2  
  103  6:10  Roach  
  101  6:16  Roach  
  101  6:17  Roach x2  
  92  6:21  Roach  
  92  6:23  Roach  
  95  6:34  Roach x4  
  103  6:41  Overlord  
  103  6:44  Drone x2  
  105  6:51  Drone x2  
  105  6:52  Drone  
  108  7:01  Roach, Drone  
  109  7:02  Roach x2  
  109  7:04  Ravager  
  109  7:06  Overlord  
  116  7:13  Overlord  
  116  7:14  Roach  
  116  7:15  Roach x5  
  128  7:20  Overlord  
  128  7:26  Roach x4  
  136  7:33  Drone x4  
  136  7:34  Drone  
  136  7:36  Extractor  
  140  7:38  Overlord  
  140  7:39  Ravager  
  140  7:40  Ravager  
  140  7:43  Roach x2  
  146  7:45  Roach  
  146  7:49  Overlord  
  144  8:02  Roach x7  
  137  8:10  Roach x4  
  119  8:14  Roach  
  109  8:21  Roach x3  
  109  8:26  Roach x3  

Tags
 
Add a new tag
Caveats
  • Supply blocks, unpowered buildings, or Contaminate may cause inaccurate times.
  • Supply counts are checked every 10 seconds.